 Dungeon Sprint DCSS version 0.31-a0-750-gfe7b580527 (webtiles) character file.

Game seed: 14971566906178655675

140 sircluck the Ruffian (level 5, 0/57 HPs)
             Began as a Troll Berserker on Sept 14, 2023.
             Was an Elder of Trog.
             Slain by a sky beast (5 damage)
             ... in the Dungeon (Sprint VII: "The Pits").
             The game lasted 00:00:37 (207 turns).

sircluck the Ruffian (Troll Berserker)               Turns: 207, Time: 00:00:38

Health: 0/57       AC:  4    Str: 27    XL:     5   Next: 2%
Magic:  4/4        EV: 11    Int:  3    God:    Trog [****..]
Gold:   0          SH:  0    Dex:  9    Spells: 4/4 levels left

rFire   . .          .
                       - Unarmed
rCold   . . .        (no shield)
rNeg    . . .        a - +0 animal skin
rPois   .            (helmet restricted)
rElec   .            (no cloak)
rCorr   .            (gloves unavailable)
SInv    .            (boots unavailable)
Will    .....        (no amulet)
Stlth   +            (no ring)
HPRegen 1.09/turn    (no ring)
MPRegen 0.09/turn

%: no teleportation
@: no status effects
A: large, unfitting armour, claws 3, regeneration 1, shaggy fur 1, tough skin 1
a: Renounce Religion, Berserk, Trog's Hand, Brothers in Arms


You were in the Dungeon.
You worshipped Trog.
Trog was greatly pleased with you.
You visited 1 branch

Inventory:

Armour
 a - a +0 animal skin (worn)
Scrolls
 g - a scroll of blinking
 i - 2 scrolls of vulnerability
 j - a scroll of butterflies
Potions
 b - 6 potions of curing
 c - 6 potions of heal wounds
 d - a potion of haste
 e - 4 potions of magic
 f - 3 potions of berserk rage
 h - 2 potions of invisibility


   Skills:
 + Level 5.4 Fighting
 + Level 5.3 Dodging
 + Level 6.5 Unarmed Combat


You had 4 spell levels left.
You didn't know any spells.
Your spell library was empty.

Dungeon Overview and Level Annotations

Branches:
Dungeon (1/1)

Altars:
Cheibriados
Dithmenos
Elyvilon
Fedhas
Gozag
Hepliaklqana
Makhleb
Nemelex Xobeh
Okawaru
Qazlal
Ru
Sif Muna
Trog
Vehumet
Wu Jian
Xom
Yredelemnul
Zin
The Shining One
Jiyva
Lugonu


Innate Abilities, Weirdness & Mutations

You are too large for most types of armour.
You have claws for hands.
Your natural rate of healing is unusually fast.
You are covered in fur. (AC +1)
You have tough skin. (AC +1)


Message History

The adder hisses angrily.
You claw the ice beast!
The ice beast is almost dead.
The ice beast closely misses you.
You closely miss the ice beast.
The ice beast is almost dead.
The sky beast flickers out of sight!
Deactivating autopickup; reactivate with Ctrl-A.
The ice beast hits you but does no damage.
You scratch the ice beast.
The ice beast is almost dead.
You claw the ice beast!
You kill the ice beast!
Trog accepts your kill.
Your Fighting skill increases to level 5!
Your Dodging skill increases to level 5!
Your Unarmed Combat skill increases to level 6!
You have reached level 4!
You have reached level 5!
Unknown command.
You scratch something. Something hits you but does no damage.
You scratch something. Something hits you but does no damage.
You closely miss something. The white imp gestures at you.
The puff of frost hits you! Something hits you. Something shocks you.
You miss something. Something hits you. Something shocks you.
You scratch something but do no damage. You scratch something but do no damage.
Something hits you. Something shocks you.
You miss something. Something hits you. Something shocks you.
You scratch something. Something hits you. Something shocks you.
* * * LOW HITPOINT WARNING * * *
You barely miss something. Something hits you.
* * * LOW HITPOINT WARNING * * *
Something shocks you.
* * * LOW HITPOINT WARNING * * *
You miss something. Something hits you.
* * * LOW HITPOINT WARNING * * *
Something shocks you.
You die...

________.#
______...#######
##########'##.....
#.?(.')))'.##.....
##########.##.....
#...........'.....
#'#####'#####.....
#.#..#.†#..##.....
#@#..'..'†.#####'#
#{##)####'###.....
#5#........##.....
#S#........##.....
#.#####'#####...<.
#.#..[)))..##.....
#.#..[)))..##.....
#'###########.....
#.......# ######


You could see an adder and a white imp.

Vanquished Creatures
  An ice beast (D)
  A quasit (D)
  A river rat (D)
  2 bats (D)
  A goblin (D)
  A kobold (D)
  A quokka (D)
  A ball python (D)
  2 frilled lizards (D)
  A rat (D)
12 creatures vanquished.

Notes
Turn   | Place    | Note
-------+----------+-------------------------------------------
     0 | D        | sircluck the Troll Berserker began the quest for the Orb.
     0 | D        | Reached XP level 1. HP: 22/22 MP: 0/0
    34 | D        | Noticed a manticore
    81 | D        | Found a bloodstained altar of Trog.
    81 | D        | Found a shimmering blue altar of Sif Muna.
    81 | D        | Found a viscous altar of Jiyva.
    81 | D        | Found a hazy altar of Hepliaklqana.
    81 | D        | Found an opulent altar of Gozag.
    82 | D        | Found a glowing golden altar of the Shining One.
    82 | D        | Found a glowing silver altar of Zin.
    82 | D        | Found a basalt altar of Yredelemnul.
    82 | D        | Found a shimmering altar of Xom.
    82 | D        | Found an ornate altar of the Wu Jian Council.
    82 | D        | Found a sacrificial altar of Ru.
    82 | D        | Found a stormy altar of Qazlal.
    82 | D        | Found an iron altar of Okawaru.
    82 | D        | Found a sparkling altar of Nemelex Xobeh.
    82 | D        | Found a burning altar of Makhleb.
    82 | D        | Found a blossoming altar of Fedhas.
    82 | D        | Found a white marble altar of Elyvilon.
    82 | D        | Found a shadowy altar of Dithmenos.
    82 | D        | Found a snail-covered altar of Cheibriados.
    85 | D        | Found a corrupted altar of Lugonu.
    85 | D        | Found a radiant altar of Vehumet.
   118 | D        | Reached ** piety under Trog
   119 | D        | Reached skill level 4 in Unarmed Combat
   119 | D        | Reached XP level 2. HP: 27/31 MP: 1/1
   137 | D        | Reached XP level 3. HP: 38/39 MP: 2/2
   137 | D        | Reached *** piety under Trog
   141 | D        | Reached skill level 5 in Unarmed Combat
   161 | D        | Reached **** piety under Trog
   182 | D        | Noticed a sky beast
   183 | D        | Noticed an ice beast
   197 | D        | Killed an ice beast
   198 | D        | Reached skill level 5 in Fighting
   198 | D        | Reached skill level 5 in Dodging
   198 | D        | Reached skill level 6 in Unarmed Combat
   198 | D        | Reached XP level 4. HP: 50/50 MP: 3/3
   198 | D        | Reached XP level 5. HP: 57/57 MP: 4/4
   207 | D        | Slain by a sky beast

Illustrated notes

Levels and vault maps discovered:
D:        pitsprint [storerooms_1, entrance_room_1, metal_vault_5, armoury_2,
          mini_pit_1, grid_room_1, main_hall_1, silver_pit, the_coven_1,
          the_vestibule_1, steel_vault_2, golden_pit, hallway_of_sentries,
          crystal_vault_5, iron_vault_5, final_vault]

Skill      XL: |  1  2  3 |
---------------+----------+-----
Fighting       | 3 4 5 |  5.4
Dodging        | 3 4 5 |  5.3
Unarmed Combat | 4 6 |  6.5

Action                     |  1- 3 |  4- 6 || total
---------------------------+-------+-------++-------
  Melee: Unarmed           |    39 |    10 ||    49
         Punch             |     1 |       ||     1
 Armour: Animal skin       |    22 |    10 ||    32
  Dodge: Dodged            |    22 |       ||    22

Table legend: (Time is in decaauts)
 A = Elapsed time spent in this place.
 B = Non-inter-level travel time spent in this place.
 C = Inter-level travel time spent in this place.
 D = Time resting spent in this place.
 E = Time spent auto-exploring this place.
 F = Levels seen in this place.
 G = Mean time per level.
                   A        B        C        D        E       F      G
               +--------+--------+--------+--------+--------+-----+--------+
         Total |    202 |    202 |      0 |      0 |     61 |   1 |  202.0 |
       Dungeon |    202 |    202 |      0 |      0 |     61 |   1 |  202.0 |
               +--------+--------+--------+--------+--------+-----+--------+

Top non-repeatable levels by time:
       D: 202 daAuts
